Selects Airborne Battlegroup
Construct Medical Station
Selects Smoke Bombing Run
Mechanized Support Center
Selects Paratrooper Squad Paradrop
Selects Anti-tank Gun Team Paradrop
Anti-tank Gun Team Paradrop
Designate Forward Repair Station
M1918 Browning Automatic Rifles
Selects Paradrop Reinforcements
Selects Carpet Bombing Run
Paratrooper Squad Paradrop
M3 75 mm Gun Motor Carriage
Anti-tank Gun Team Paradrop
M4(105) Sherman Bulldozer
Anti-tank Gun Team Paradrop
Anti-tank Gun Team Paradrop